 Dungeon Crawl Stone Soup version 0.30.1-9-gdf580d7c3d (webtiles) character file.

Game seed: 12340361897167427858

1936 CaptainMV the Frost Mage (level 8, 0/52 (59) HPs)
             Began as a Black Draconian Ice Elementalist on Oct 2, 2023.
             Was an Initiate of Gozag.
             Slain by a wight
             ... wielding a +0 flail
              (1 damage)
             ... on level 8 of the Dungeon.
             The game lasted 00:39:17 (3796 turns).

CaptainMV the Frost Mage (DrIE)                     Turns: 3796, Time: 00:39:17

HP:   0/52 (59)     AC: 14    Str: 11    XL:     8   Next: 97%
MP:   12/18         EV: 13    Int: 16    God:    Gozag
Gold: 492           SH:  0    Dex: 13    Spells: 17/21 levels left

rFire   . . .        a - +2 dagger (protect)
rCold   . . .        l - orb {*channel}
rNeg    . . .        (body armour unavailable)
rPois   .            (helmet restricted)
rElec   +            (no cloak)
rCorr   .            o - +0 pair of gloves
SInv    +            (no boots)
Will    .....        (no amulet)
Stlth   ++           p - ring of see invisible
HPRegen 0.28/turn    (no ring)
MPRegen 0.16/turn

%: channel magic (20%)
@: gold aura, under a protective aura, freezing walls, heavily drained
A: breathe lightning, AC +6, unfitting armour, electricity resistance,
cold-blooded
a: Breathe Lightning, Renounce Religion, Potion Petition, Call Merchant, Bribe
Branch


You were on level 8 of the Dungeon.
You worshipped Gozag.
Gozag was aware of your devotion.
You visited 1 branch of the dungeon, and saw 7 of its levels.

You collected 551 gold pieces.
You paid 59 gold pieces to Gozag.

Inventory:

Hand Weapons
 a - a +2 dagger of protection (weapon)
Missiles
 k - a throwing net
 q - 4 atropa-tipped darts (quivered)
Armour
 l - an orb of energy (worn)
 o - a +0 pair of gloves (worn)
Jewellery
 p - a ring of see invisible (left hand)
Scrolls
 r - a scroll of identify {unknown}
 t - a scroll of vulnerability {unknown}
Potions
 b - a potion of heal wounds {unknown}
 c - a potion of degeneration {unknown}
 d - a potion of might {unknown}
 e - a potion of magic
 f - 3 potions of curing {unknown}
 g - a potion of flight {unknown}
 h - a potion of mutation {unknown}
 i - a potion of cancellation {unknown}
 j - a potion of lignification {unknown}
 m - 3 potions of brilliance {unknown}
 s - a potion of attraction {unknown}


   Skills:
 + Level 1.4 Fighting
 + Level 1.8 Short Blades
 + Level 3.8 Dodging
 + Level 2.4 Stealth
 + Level 7.2 Spellcasting
 + Level 8.4 Ice Magic


You had 17 spell levels left.
You knew the following spells:

 Your Spells              Type           Power      Damage    Failure   Level
a - Freeze                Ice            100%       1d10      3%          1
b - Frozen Ramparts       Ice            64%        1d10      5%          3

Your spell library contained the following spells:

 Spells                   Type           Power      Damage    Failure   Level
 Ozocubu's Armour         Ice            32%        N/A       5%          3
 Lesser Beckoning         Tloc           10%        N/A       38%         2
 Sublimation of Blood     Necr           5%         N/A       38%         2
 Summon Ice Beast         Ice/Summ       19%        N/A       43%         4
 Gell's Gravitas          Tloc           5%         N/A       58%         3
 Teleport Other           Tloc           5%         N/A       58%         3
 Petrify                  Tmut/Erth      5%         N/A       90%         4
 Borgnjor's Vile Clutch   Necr/Erth      2%         N/A       99%         5
 Irradiate                Conj/Tmut      2%         3d12      99%         5
 Death Channel            Necr           2%         N/A       100%        6
 Animate Dead             Necr           Unusable   N/A       N/A         4

Dungeon Overview and Level Annotations

Branches:
Dungeon (8/15)             Temple (0/1) D:7
   Lair: D:8-11

Altars:
Gozag
Kikubaaqudgha
Qazlal
Xom
Zin

Shops:
D:1 ![

Annotations:
D:7 2 transporters, leebro123's ghost, novice GrEE


Innate Abilities, Weirdness & Mutations

You can breathe wild blasts of lightning.
Your glossy black scales are hard. (AC +6)
You cannot fit into any form of body armour.
You are resistant to electric shocks. (rElec)
You are cold-blooded and may be slowed by cold attacks.


Message History

Casting: Frozen Ramparts (dangerous; 5% risk of failure)
Press: ? - help, Dir - look around, f - activate The walls around you are covered in ice.
The wight completely resists.
The wall freezes the wight but does no damage.
The wight hits you from afar with a +0 spear.
* * * LOW HITPOINT WARNING * * *
You feel drained.
* * * LOW HITPOINT WARNING * * *
The wall freezes the wight but does no damage.
A wight comes into view. It is wielding a +0 flail.
You hit the wight but do no damage.
You tail-slap the wight, but do no damage.
The wight is lightly damaged.
The wight resists.
The wall freezes the wight.
The wight misses you.
The wight resists.
The wall freezes the wight.
The wight closely misses you.
The wight resists.
The wall freezes the wight.
The wight barely misses you.
You closely miss the wight.
The wight is lightly damaged.
The wight resists.
The wall freezes the wight.
The wight completely misses you.
The wight completely resists.
The wall freezes the wight but does no damage.
The wight hits you with a +0 dagger.
* * * LOW HITPOINT WARNING * * *
The wight completely resists.
The wall freezes the wight but does no damage.
The wight hits you but does no damage.
As you read the scroll of fog, it crumbles to dust.
The scroll dissolves into smoke.
The wight resists.
The wall freezes the wight.
The wight hits you from afar with a +0 spear.
* * * LOW HITPOINT WARNING * * *
The wight completely resists.
The wall freezes the wight but does no damage.
The wight barely misses you.
The wight completely resists.
The wall freezes the wight but does no damage.
The wight hits you with a +0 flail.
* * * LOW HITPOINT WARNING * * *
You feel drained.
You die...
Your body crumbles into a pile of gold.

$ #########
#§§§zzz$#
#§88@# #.88§#
#.§§§#########
######'#.......
..........#..#
.########....#
##..>.#
######.....#
.....)..####


You could see 3 wights.

Vanquished Creatures
  Sigmund (D:2)
  A wyvern (D:7)
  A steam dragon (D:6)
  Edmund (D:5)
  A water moccasin (D:7)
  A sky beast (D:7)
  A black bear (D:7)
  An ogre (D:5)
  2 centaurs
  2 phantoms (D:5)
  A scorpion (D:6)
  A wight (D:8)
  An electric eel (D:6)
  A gnoll bouda (D:6)
  2 orc priests
  5 hounds
  4 iguanas
  2 orc wizards
  5 gnolls (D:6)
  5 adders
  2 white imps (D:6)
  An ufetubus (D:5)
  16 orcs
  A bat (D:2)
  6 endoplasms
  A giant cockroach (D:2)
  6 goblins
  6 hobgoblins (D:1)
  3 jackals (D:5)
  3 quokkas
  A ball python (D:1)
  A frilled lizard (D:1)
  5 kobolds
  8 rats
99 creatures vanquished.

Notes
Turn   | Place    | Note
-------+----------+-------------------------------------------
     0 | D:1      | CaptainMV the Draconian Ice Elementalist began the quest
                  | for the Orb.
     0 | D:1      | Reached XP level 1. HP: 14/14 MP: 3/3
   131 | D:1      | Reached XP level 2. HP: 13/20 MP: 0/5
   410 | D:1      | Found Haphit Cupn's Distillery.
   423 | D:1      | Found Guvuseecu's Armour Emporium.
   666 | D:1      | Reached XP level 3. HP: 27/27 MP: 4/6
   819 | D:2      | Learned a level 3 spell: Frozen Ramparts
  1065 | D:2      | Noticed Sigmund
  1073 | D:2      | Killed Sigmund
  1074 | D:2      | Reached skill level 5 in Ice Magic
  1074 | D:2      | Reached XP level 4. HP: 34/34 MP: 0/9
  1074 | D:2      | Reached XP level 5. HP: 39/39 MP: 0/10
  1077 | D:2      | Found an ancient bone altar of Kikubaaqudgha.
  1511 | D:3      | You fall into a shaft and drop 2 floors!
  1511 | D:5      | Entered Level 5 of the Dungeon
  1531 | D:5      | Noticed an angel
  1532 | D:5      | Found a glowing silver altar of Zin.
  1535 | D:5      | Noticed an ogre
  1767 | D:5      | Reached XP level 6. HP: 46/46 MP: 7/11
  1869 | D:5      | Reached skill level 1 in Short Blades
  1912 | D:5      | Reached skill level 6 in Ice Magic
  1957 | D:5      | Noticed Edmund
  1973 | D:5      | Killed Edmund
  2012 | D:5      | Your scales start taking on a glossy black colour.
  2012 | D:5      | Reached XP level 7. HP: 22/51 MP: 0/13
  2012 | D:5      | Gained mutation: You are resistant to electric shocks.
                  | (rElec) [Black Draconian growth]
  2019 | D:5      | Found a shimmering altar of Xom.
  2132 | D:5      | Found an opulent altar of Gozag.
  2251 | D:5      | Reached skill level 5 in Spellcasting
  2287 | D:5      | Became a worshipper of Gozag Ym Sagoz the Greedy
  2489 | D:6      | Reached skill level 1 in Fighting
  2489 | D:6      | Reached skill level 7 in Ice Magic
  2741 | D:6      | Noticed a steam dragon
  2759 | D:6      | Killed a steam dragon
  2760 | D:6      | Reached XP level 8. HP: 8/59 MP: 3/16
  3154 | D:7      | Found a transporter.
  3158 | D:7      | Found a transporter.
  3158 | D:7      | Noticed a queen bee
  3158 | D:7      | Noticed a hornet
  3159 | D:7      | Noticed leebro123's ghost (novice GrEE)
  3217 | D:7      | Found a stormy altar of Qazlal.
  3447 | D:7      | Found a staircase to the Ecumenical Temple.
  3484 | D:7      | Reached skill level 8 in Ice Magic
  3796 | D:8      | HP: 1/54 [wight/+0 flail (5)]
  3796 | D:8      | Slain by a wight

Illustrated notes

Levels and vault maps discovered:
D:1:      lemuel_arrival_tunnels, layout_loops_ring, serial_shops,
          nicolae_shop_window_shopping, shop, serial_forest,
          infiniplex_forest_clump_small, infiniplex_forest_zigzag_2,
          infiniplex_forest_lined_corner, infiniplex_forest_corner_2,
          infiniplex_forest_end_2, infiniplex_forest_corner_1,
          infiniplex_forest_lined_room_3, infiniplex_forest_straight_3,
          infiniplex_forest_straight_1, chequers_hall_statues_corner_a
D:2:      layout_loops_ring, basic_altar, uniq_sigmund
D:3:      layout_basic, mainiacjoe_overflow_concentric_impassable,
          minmay_lizard_king
D:5:      layout_cave_pods, grunt_temple_overflow_order_and_chaos_1,
          mainiacjoe_overflow_alcove_1, chequers_serial_rivers_marsh,
          minivault_26, minivault_23, uniq_edmund
D:6:      layout_basic, serial_bayou_ford_a
D:7:      layout_basic, lemuel_doored_altar,
          minmay_temple_entry_drinking_statues, gammafunk_ghost_hive
D:8:      minmay_chambers_of_fours, layout_basic, mainiacjoe_overflow_boulevard,
          nicolae_overflow_crystal_walls, mainiacjoe_overflow_tiny_flanked,
          serial_bayou_pond_d, uniq_joseph

Skill      XL: |  1  2  3  4  5  6  7  8 |
---------------+-------------------------+-----
Dodging        | 2 3 |  3.8
Stealth        | 2 |  2.4
Spellcasting   | 3 4 5 7 |  7.2
Ice Magic      | 5 6 7 8 |  8.4
Short Blades   | 1 |  1.8
Fighting       | 1 |  1.4

Action                     |  1- 3 |  4- 6 |  7- 9 || total
---------------------------+-------+-------+-------++-------
  Melee: Dagger            |    45 |    62 |    63 ||   170
         Tailslap          |     6 |     5 |    10 ||    21
         Punch             |     1 |       |       ||     1
   Cast: Freeze            |    43 |    33 |    54 ||   130
         Frozen Ramparts   |     1 |     8 |    15 ||    24
Ability: Breathe Lightning |       |       |     7 ||     7
    Use: Scroll            |     3 |     3 |     3 ||     9
   Stab: Sleeping          |     3 |       |     2 ||     5
         Distracted        |       |       |     1 ||     1
 Armour: Skin              |    17 |    35 |    51 ||   103
  Dodge: Dodged            |    49 |    50 |    93 ||   192
